 Dungeon Crawl Stone Soup version 0.31.0-11-ge490571c62 (webtiles) character file.

Game seed: 10098772993240195546

11854 Pooter the Grappler (level 11, -8/111 HPs)
             Began as a Troll Berserker on Feb 2, 2024.
             Was an Elder of Trog.
             Mangled by a deep troll (12 damage)
             ... on level 2 of the Orcish Mines.
             The game lasted 01:00:36 (11266 turns).

Pooter the Grappler (Troll Berserker)              Turns: 11266, Time: 01:00:37

Health: -8/111     AC:  5    Str: 35    XL:     11   Next: 54%
Magic:  10/10      EV:  9    Int:  5    God:    Trog [****..]
Gold:   1116       SH:  0    Dex:  9    Spells: 10/10 levels left

rFire   + +          +
                       - Unarmed
rCold   + . .        (no shield)
rNeg    + . .        M - +0 troll leather armour
rPois   .            (helmet restricted)
rElec   .            A - scarf {rC+ rF+}
rCorr   .            (gloves unavailable)
SInv    .            (boots unavailable)
Will    +....        (no amulet)
Stlth   +            e - +6 ring of strength
HPRegen 1.98/turn    F - ring "Kofofut" {rF+++ rN+ Will+}
MPRegen 0.12/turn

%: no passive effects
@: mighty, on berserk cooldown, slowed, studying Unarmed Combat, very slow
A: large, unfitting armour, claws 3, regeneration 1, shaggy fur 1, tough skin 1
a: Renounce Religion, Berserk, Trog's Hand, Brothers in Arms


You were on level 2 of the Orcish Mines.
You worshipped Trog.
Trog was greatly pleased with you.
You visited 2 branches of the dungeon, and saw 12 of its levels.
You also visited: Ossuary.

You collected 1116 gold pieces.

Inventory:

Hand Weapons
 b - a +2 orcbow of flaming
   (You took it off an orc warrior on level 2 of the Orcish Mines)
 y - a +4 flail of holy wrath
   (You took it off Edmund on level 4 of the Dungeon)
 G - a +0 sling
   (You found it on level 2 of the Dungeon)
 N - a +2 trident of draining
   (You took it off Jeremiah on level 6 of the Dungeon)
Missiles
 o - 2 atropa-tipped darts
 x - 9 poisoned darts
 D - 5 boomerangs (quivered)
 Q - 41 stones
Armour
 n - a +1 robe of cold resistance
   (You took it off Fannar on level 1 of the Orcish Mines)
 A - a scarf of resistance (worn)
   (You found it on level 4 of the Dungeon)
 H - an orb of mayhem
   (You took it off Jeremiah on level 6 of the Dungeon)
 L - a +2 robe of positive energy
   (You took it off a kobold demonologist on level 9 of the Dungeon)
 M - a +0 troll leather armour (worn)
   (You found it on level 2 of the Orcish Mines)
Jewellery
 e - a +6 ring of strength (left claw)
   (You found it on level 1 of the Dungeon)
 C - a ring of resist corrosion
   (You found it on level 6 of the Dungeon)
 F - the ring "Kofofut" (right claw) {rF+++ rN+ Will+}
   (You acquired it on level 9 of the Dungeon)

   [ring of positive energy]

   rF+++:     It renders you almost immune to fire.
   rN+:       It protects you from negative energy.
   Will+:     It increases your willpower.
 J - an amulet of faith {!P}
   (You found it on level 8 of the Dungeon)
 K - a +6 ring of dexterity
   (You took it off Erica on level 9 of the Dungeon)
 O - a ring of ice
   (You took it off Fannar on level 1 of the Orcish Mines)
Wands
 z - a wand of roots (5)
   (You found it on level 10 of the Dungeon)
Scrolls
 a - 5 scrolls of poison {!r}
 d - 2 scrolls of blinking
 g - 4 scrolls of enchant weapon
 k - a scroll of revelation
 p - 2 scrolls of fog
 q - a scroll of fear
 s - 8 scrolls of noise {!r}
 t - 6 scrolls of teleportation {@r4}
 v - 3 scrolls of immolation {!r}
Potions
 c - a potion of attraction {!q}
 f - a potion of berserk rage {unknown}
 h - a potion of cancellation {unknown}
 i - 3 potions of enlightenment {unknown}
 j - 3 potions of mutation {!q}
 l - 2 potions of might
 m - 2 potions of brilliance {unknown}
 r - 3 potions of curing {@q1}
 u - a potion of lignification {unknown}
 w - a potion of heal wounds {unknown}
 B - a potion of experience {unknown}
 E - a potion of invisibility {unknown}
 I - a potion of ambrosia {unknown}


   Skills:
 + Level 7.9 Fighting
 * Level 7.0 Ranged Weapons
 + Level 1.8 Throwing
 - Level 2.4 Dodging
 * Level 14.1 Unarmed Combat


You had 10 spell levels left.
You didn't know any spells.
Your spell library was empty.

Dungeon Overview and Level Annotations

Branches:
Dungeon (10/15) Zot: 26274  Temple (0/1) D:4            Lair (0/5) D:8
    Orc (2/2) D:10 Zot: 10825     Elf (0/3) Orc:2       Ossuary (visited)

Altars:
Ashenzari
Elyvilon
Hepliaklqana
Okawaru
Sif Muna
Vehumet

Shops:
Orc:2 =

Annotations:
D:8 3 runed translucent doors, snydleywhiplash's ghost, novice MiFi


Innate Abilities, Weirdness & Mutations

You are too large for most types of armour.
You have claws for hands.
Your natural rate of healing is unusually fast.
You are covered in fur. (AC +1)
You have tough skin. (AC +1)


Message History

A two-headed ogre comes into view.
It is wielding a +0 giant club and a +0 giant spiked club.
The troll bites you.
* * * LOW HITPOINT WARNING * * *
The troll claws you but does no damage. The troll claws you!
* * * LOW HITPOINT WARNING * * *
An ogre comes into view. It is wielding a +0 giant club.
You mangle the deep troll!!
You hear a shout!
You hear two shouts!
The two-headed ogre hits you with a +0 giant club!!
* * * LOW HITPOINT WARNING * * *
The two-headed ogre hits you with a +0 giant club.
* * * LOW HITPOINT WARNING * * *
You hear a shout!
Unknown command.
You mangle the deep troll!!
You kill the deep troll!
Trog accepts your kill.
Your Ranged Weapons skill increases to level 7!
Your Unarmed Combat skill increases to level 14!
Unknown command.
You feel a strong urge to attack something.
You feel your anger nearly subside.
You are no longer berserk.
You are exhausted.
You feel yourself slow down.
You see here a +0 giant club.
Okay, then.
As you read the scroll of fear, it crumbles to dust.
You assume a fearsome visage.
The ogre looks frightened! x2
The troll looks frightened!
The two-headed ogre looks frightened!
The deep troll resists with almost no effort.
You hear the stately tolling of a distant bell.
Cornered, the troll turns to fight!
You hear some strange, mumbled words.
Something tries to affect you, but you resist.
The deep troll bites you!
* * * LOW HITPOINT WARNING * * *
The deep troll claws you!
* * * LOW HITPOINT WARNING * * *
The deep troll claws you.
* * * LOW HITPOINT WARNING * * *
You feel very mighty all of a sudden. Something completely misses you.
The troll bites you.
* * * LOW HITPOINT WARNING * * *
The troll barely misses you. The troll claws you!
* * * LOW HITPOINT WARNING * * *
The deep troll bites you.
* * * LOW HITPOINT WARNING * * *
The deep troll closely misses you. The deep troll claws you!
You die...

*,,,,,,,,**..............,,,,,,,,
**,,,,,,,**$............#*,,,....
,,,,,,,,**###........$.#**,......
,,,,,**,* *...........#,***#.....
,,,,***** **#.........#** #.....
,,,,.###* ###.........######.....
,,,...#.#*#.#.........#.##.##....
*,,......*#......T......#..#.....
**,......##.....@................
*#............T#................
#............T##...........#..#
*...........#.###.........###.#
**#......)O.### ##.......## ###
##.....O.## ##.......* ##
##..OO.## ##.....## ## #...#O.#
##.#..# ## *** ##.#.### ###.## ##


You could see 3 two-headed ogres, a deep troll, 2 trolls and 2 ogres.

Vanquished Creatures
  Fannar (Orc:1)
  A two-headed ogre (D:8)
  Erica (D:9)
  A deep troll (Orc:2)
  Maggie (D:6)
  Jeremiah (D:6)
  A komodo dragon (D:8)
  A kobold demonologist (D:9)
  4 trolls
  A hornet (D:8)
  Prince Ribbit (D:6)
  Sigmund (D:5)
  2 wyverns
  A wraith (D:9)
  11 yaks (D:9)
  Menkaure (D:6)
  Edmund (D:4)
  4 water moccasins
  2 sky beasts
  5 orc warriors
  An ice beast (D:7)
  5 black bears
  5 ogres
  3 centaurs
  2 weeping skulls (Ossuary)
  A kobold brigand (D:9)
  5 bullfrogs
  2 gnoll sergeants
  3 scorpions
  Blork the orc (D:4)
  4 wights (D:9)
  10 killer bees
  A howler monkey (D:6)
  2 hounds
  A human zombie (Ossuary)
  A bombardier beetle (D:5)
  3 jellies
  A gnoll bouda (D:7)
  10 orc priests
  3 sleepcaps
  An iguana (D:4)
  4 orc wizards
  2 mummies (Ossuary)
  11 gnolls
  5 adders
  2 white imps
  2 dart slugs
  21 orcs
  4 bats
  9 endoplasms
  5 giant cockroaches
  5 goblins
  10 hobgoblins
  5 quokkas
  4 ball pythons
  3 frilled lizards
  4 gnoll zombies (Ossuary)
  A goblin zombie (D:4)
  12 kobolds
  3 orc zombies (Ossuary)
  A quokka zombie (D:4)
  4 rats
224 creatures vanquished.

Notes
Turn   | Place    | Note
-------+----------+-------------------------------------------
     0 | D:1      | Pooter the Troll Berserker began the quest for the Orb.
     0 | D:1      | Reached XP level 1. HP: 22/22 MP: 0/0
   204 | D:1      | Reached XP level 2. HP: 29/29 MP: 1/1
   697 | D:1      | Found a faded altar of an unknown god.
   768 | D:2      | Reached XP level 3. HP: 33/36 MP: 2/2
   966 | D:2      | Reached skill level 4 in Unarmed Combat
  1057 | D:2      | Reached ** piety under Trog
  1255 | D:2      | Reached XP level 4. HP: 45/45 MP: 3/3
  2006 | D:3      | Found a white marble altar of Elyvilon.
  2023 | D:3      | Found a shimmering blue altar of Sif Muna.
  2345 | D:4      | Found a sand-covered staircase.
  2363 | Ossuary  | Entered an ossuary
  2387 | Ossuary  | Noticed a weeping skull
  2394 | Ossuary  | Killed a weeping skull
  2395 | Ossuary  | Reached skill level 5 in Unarmed Combat
  2395 | Ossuary  | Reached XP level 5. HP: 53/53 MP: 4/4
  2478 | Ossuary  | Reached XP level 6. HP: 61/62 MP: 5/5
  2556 | Ossuary  | Reached skill level 6 in Unarmed Combat
  3018 | D:4      | Found a staircase to the Ecumenical Temple.
  3201 | D:4      | Found an iron altar of Okawaru.
  3307 | D:4      | Noticed Blork the orc
  3320 | D:4      | Killed Blork the orc
  3321 | D:4      | Reached XP level 7. HP: 53/70 MP: 6/6
  3526 | D:4      | Noticed Edmund
  3533 | D:4      | Killed Edmund
  3534 | D:4      | Reached skill level 7 in Unarmed Combat
  3831 | D:5      | Entered Level 5 of the Dungeon
  3907 | D:5      | Noticed Sigmund
  3912 | D:5      | Killed Sigmund
  3913 | D:5      | Reached skill level 1 in Ranged Weapons
  4071 | D:5      | Reached XP level 8. HP: 79/79 MP: 7/7
  4183 | D:5      | Found a radiant altar of Vehumet.
  4247 | D:5      | Noticed a troll
  4252 | D:5      | Killed a troll
  4253 | D:5      | Reached skill level 5 in Fighting
  4253 | D:5      | Reached skill level 8 in Unarmed Combat
  5225 | D:6      | Noticed Menkaure
  5235 | D:6      | Killed Menkaure
  5238 | D:6      | Reached skill level 9 in Unarmed Combat
  5412 | D:6      | Noticed Jeremiah
  5430 | D:6      | Killed Jeremiah
  5504 | D:6      | Reached XP level 9. HP: 73/89 MP: 8/8
  5505 | D:6      | Noticed Prince Ribbit
  5507 | D:6      | Noticed Maggie
  5516 | D:6      | Killed Prince Ribbit
  5584 | D:6      | Reached *** piety under Trog
  5701 | D:6      | Killed Maggie
  5789 | D:6      | Found a hazy altar of Hepliaklqana.
  5838 | D:7      | Reached skill level 10 in Unarmed Combat
  6623 | D:8      | Found a runed translucent gate.
  6623 | D:8      | Found a runed translucent gate.
  6623 | D:8      | Found a runed translucent gate.
  6627 | D:8      | Identified the +4 chain mail of Lies {rF+ rC+ rCorr Int-4}
  6628 | D:8      | Noticed snydleywhiplash's ghost (novice MiFi)
  6724 | D:8      | Noticed a komodo dragon
  6797 | D:8      | Killed a komodo dragon
  6802 | D:8      | Reached XP level 10. HP: 100/100 MP: 9/9
  6852 | D:8      | Reached skill level 11 in Unarmed Combat
  6930 | D:8      | Found a staircase to the Lair.
  6956 | D:8      | Paralysed by a hornet for 1 turns
  6962 | D:8      | Paralysed by a hornet for 3 turns
  6966 | D:8      | Reached skill level 5 in Ranged Weapons
  6969 | D:8      | HP: 5/100 [poisoned by a hornet]
  7629 | D:8      | Noticed a two-headed ogre
  7636 | D:8      | Killed a two-headed ogre
  8075 | D:9      | Identified 2 scrolls of acquirement
  8075 | D:9      | Acquired a manual of Unarmed Combat
  8077 | D:9      | Acquired the ring "Kofofut" {rF+++ rN+ Will+}
  8414 | D:9      | Reached skill level 12 in Unarmed Combat
  8478 | D:9      | Noticed Erica
  8486 | D:9      | Killed Erica
  8487 | D:9      | Reached XP level 11. HP: 109/109 MP: 10/10
  8932 | D:9      | Reached skill level 13 in Unarmed Combat
  9369 | D:10     | Entered Level 10 of the Dungeon
  9778 | D:10     | Found a broken altar of Ashenzari.
  9834 | D:10     | Found a staircase to the Orcish Mines.
 10100 | Orc:1    | Entered Level 1 of the Orcish Mines
 10727 | Orc:1    | Reached **** piety under Trog
 10823 | Orc:1    | Reached skill level 1 in Throwing
 11067 | Orc:2    | Entered Level 2 of the Orcish Mines
 11150 | Orc:1    | Noticed Fannar
 11165 | Orc:1    | Killed Fannar
 11241 | Orc:2    | Found a staircase to the Elven Halls.
 11241 | Orc:2    | Found Zodweth's Jewellery Emporium.
 11241 | Orc:2    | Noticed a deep troll
 11241 | Orc:2    | Noticed a two-headed ogre
 11245 | Orc:2    | Noticed an ogre mage
 11245 | Orc:2    | Noticed a deep troll
 11247 | Orc:2    | Noticed a two-headed ogre
 11251 | Orc:2    | Noticed a two-headed ogre
 11253 | Orc:2    | Killed a deep troll
 11254 | Orc:2    | Reached skill level 14 in Unarmed Combat
 11266 | Orc:2    | HP: 4/111 [deep troll (4)]
 11266 | Orc:2    | Mangled by a deep troll

Illustrated notes

Levels and vault maps discovered:
D:1:      wheals_arrival_shading, layout_loops_cross,
          dilly_ecumenical_altar_fadedgnrine, dk_noncrumbling_2,
          serial_bayou_pond_e, minmay_misc_feat_tower
D:2:      layout_loops_corners, skrybe_limestone_x
D:3:      layout_loops_ring, mainiacjoe_overflow_swirl
D:4:      layout_gridville, mainiacjoe_overflow_alcove_2,
          minmay_temple_entry_nine_rooms, enter_ossuary_4,
          minmay_goblin_kobold_house, uniq_blork_the_orc, uniq_edmund
D:5:      layout_basic, fiery_altar_vehumet, uniq_sigmund
D:6:      layout_basic, worldfamousw_hep_ancestral_shrine, uniq_prince_ribbit1,
          uniq_menkaure, uniq_jeremiah, uniq_maggie
D:7:      layout_loops_ring
D:8:      layout_basic, due_lair_maze_entry_diamond, serial_co_window_serial,
          co_window_of_opportunity_a, co_window_paths_a, co_window_paths_a,
          co_window_cross_1, co_window_paths_a, co_window_paths_a,
          co_window_2corner, co_window_2corner, co_window_2corner,
          co_window_of_opportunity_c, co_window_paths_c, co_window_paths_c,
          glass_columns_b, glass_columns_b, biasface_ghost_orc_armoury
D:9:      layout_stronghold, minmay_parallelograms, grunt_ministairs_1,
          roderic_lattice_a, uniq_erica
D:10:     layout_small_grid, nicolae_ashenzari_panopticon,
          minmay_orc_entry_temple_small
Orc:1:    layout_diamond_mine, david_defended_altar_orc, uniq_fannar
Orc:2:    st_orc_open, layout_diamond_mine, serial_shops, bzr_firewalk

Skill      XL: |  1  2  3  4  5  6  7  8  9 10 11 |
---------------+----------------------------------+-----
Unarmed Combat | 4 5 6 7 9 10 12 14 | 14.1
Fighting       | 3 4 5 6 7 |  7.9
Ranged Weapons | 1 3 4 6 7 |  7.0
Throwing       | 1 |  1.8
Dodging        | |  2.4

Action                     |  1- 3 |  4- 6 |  7- 9 | 10-12 || total
---------------------------+-------+-------+-------+-------++-------
  Melee: Unarmed           |    51 |    89 |   135 |   233 ||   508
         Punch             |     2 |     2 |     9 |    12 ||    25
   Fire: Sling             |    10 |    52 |    23 |       ||    85
         Orcbow            |       |       |    21 |    90 ||   111
  Throw: Stone             |     7 |       |       |       ||     7
         Boomerang         |       |       |       |     7 ||     7
         Dart              |       |       |       |     1 ||     1
 Invoke: Berserk           |       |     4 |    11 |    11 ||    26
         Trog's Hand       |       |       |     2 |     9 ||    11
  Evoke: Wand              |       |       |       |     1 ||     1
    Use: Scroll            |     3 |     2 |     6 |     7 ||    18
         Potion            |       |       |       |     1 ||     1
 Armour: Animal skin       |    18 |    62 |   103 |   126 ||   309
         Robe              |       |       |       |    62 ||    62
         Troll leather arm |       |       |       |    36 ||    36
  Dodge: Dodged            |    20 |    41 |    46 |   126 ||   233
